 Dungeon Crawl Stone Soup version 0.25.1-2-g60ff931df9 (webtiles) character file.

Game seed: 18182564376197388661

137340 DildoBatman the Peltast (level 17, -10/120 HPs)
             Began as a Formicid Wizard on Oct 16, 2020.
             Was an Initiate of Gozag.
             Mangled by a black mamba (11 damage)
             ... on level 2 of the Snake Pit.
             The game lasted 01:59:31 (27684 turns).

DildoBatman the Peltast (Formicid Wizard)          Turns: 27684, Time: 01:59:32

Health: -10/120    AC: 14    Str: 18    XL:     17   Next: 83%
Magic:  9/35       EV: 13    Int: 29    God:    Gozag
Gold:   4879       SH: 23    Dex:  9    Spells: 9/44 levels left

rFire    . . .     SeeInvis +   a - +11 quarterstaff "Viotoire" {vorpal, Str+4}
rCold    . . .     Gourm    .   J - -3 tower shield "Gopugod" {rElec Regen+}
rNeg     . . .     Faith    .   o - +4 troll leather armour
rPois    +         Spirit   .   (helmet unavailable)
rElec    +         Reflect  +   V - +0 cloak
rCorr    .         Harm     .   m - +0 pair of gloves
MR       +....                  Q - +1 pair of boots {Fly}
Stlth    ++........             g - amulet of reflection
HPRegen  1.10/turn              A - ring of wizardry
MPRegen  0.24/turn              H - +6 ring of intelligence

@: lethally poisoned (-10 -> -14), gold aura, flying, studying Shields
A: permanent stasis, dig shafts and tunnels, four strong arms, antennae 3,
poison resistance, screaming 1, evolution 1
a: Dig, Shaft Self, Potion Petition, Call Merchant, Bribe Branch, Renounce
Religion, Stop Flying


You were on level 2 of the Snake Pit.
You worshipped Gozag.
Gozag was most pleased with you.
You were very full.

You visited 5 branches of the dungeon, and saw 27 of its levels.
You also visited: Bailey.

You collected 7019 gold pieces.
You spent 1554 gold pieces at shops.
You paid 586 gold pieces to Gozag.

Inventory:

Hand Weapons
 a - the +11 quarterstaff "Viotoire" (weapon) {vorpal, Str+4}
   (You took it off a kobold on level 12 of the Dungeon)

   It inflicts extra damage upon your enemies.
   It affects your strength (+4).
 b - the +8 dagger of the Median {pain, rPois Str+3}
   (You found it on level 2 of the Lair of Beasts)

   In the hands of one skilled in necromantic magic, it inflicts extra damage on
   living creatures.
   It affects your strength (+3).
   It protects you from poison.
 c - the +9 hunting sling of Izunac {flame, MP+9 Str+2 Int-5}
   (You found it on level 6 of the Lair of Beasts)

   It causes projectiles fired from it to burn those they strike, causing extra
   injury to most foes and up to half again as much damage against particularly
   susceptible opponents.
   It affects your strength (+2).
   It affects your intelligence (-5).
   It affects your magic capacity (+9).
 d - the +4 battleaxe of Cacvuq {flame, *Noise rF++ Int+2}
   (You found it on level 5 of the Lair of Beasts)

   It has been specially enchanted to burn those struck by it, causing extra
   injury to most foes and up to half again as much damage against particularly
   susceptible opponents.
   Big, fiery blades are also staple armaments of hydra-hunters.
   It affects your intelligence (+2).
   It greatly protects you from fire.
   It may make noises in combat.
 e - the +8 war axe of Etitonul {vorpal, rC+ Str+4}
   (You found it on level 14 of the Dungeon)

   It inflicts extra damage upon your enemies.
   It affects your strength (+4).
   It protects you from cold.
Missiles
 j - 703 arrows
 p - 204 sling bullets
 w - 250 bolts
 R - 4 throwing nets (quivered)
Armour
 m - a +0 pair of gloves (worn)
 o - a +4 troll leather armour (worn)
 J - the -3 tower shield "Gopugod" (worn) {rElec Regen+}
   (You found it on level 2 of the Snake Pit)

   It insulates you from electricity.
   It increases your rate of regeneration.
 O - a +2 tower shield of fire resistance
 Q - a +1 pair of boots of flying (worn)
 V - a +0 cloak (worn)
Jewellery
 g - an amulet of reflection (around neck)
 y - an uncursed ring of ice
 A - a ring of wizardry (left hand)
 D - an uncursed amulet of the acrobat
 H - a +6 ring of intelligence (right hand)
 Z - an uncursed ring of protection from fire
Wands
 s - a wand of iceblast (27)
 P - a wand of disintegration (27)
 X - a wand of acid (26)
Scrolls
 i - a scroll of torment {unknown}
 l - a scroll of fear
 q - a scroll of summoning {unknown}
 x - 3 scrolls of remove curse
 z - 12 scrolls of identify
 B - 4 scrolls of fog
 C - 3 scrolls of magic mapping
 G - a scroll of holy word {unknown}
 L - 4 scrolls of immolation
 M - 5 scrolls of amnesia
 T - a scroll of silence {unknown}
 U - a scroll of enchant weapon
Potions
 f - 12 potions of curing
 k - a potion of brilliance {unknown}
 r - 2 potions of invisibility
 t - 4 potions of mutation
 u - 2 potions of cancellation
 E - 7 potions of heal wounds
 I - a potion of resistance {unknown}
 S - a potion of berserk rage {unknown}
 Y - a potion of ambrosia {unknown}
Books
 K - a manual of Shields
Miscellaneous
 h - a phial of floods
 F - a lightning rod (4/4)
 N - a box of beasts
Comestibles
 v - 25 rations


   Skills:
 * Level 7.0 Fighting
 * Level 6.9 Armour
 * Level 5.3 Dodging
 - Level 2.4 Stealth
 * Level 18.4 Shields
 - Level 14.0 Spellcasting
 - Level 6.0 Conjurations
 - Level 6.0 Charms
   Level 1.0 Summonings
 - Level 9.0 Necromancy
 - Level 0.8 Translocations
 - Level 5.0 Fire Magic
 - Level 6.0 Ice Magic
 - Level 5.0 Air Magic
 - Level 18.0 Earth Magic


You had 9 spell levels left.
You knew the following spells:

 Your Spells              Type           Power        Failure   Level  Hunger
a - Conjure Flame         Conj/Fire      ######..     1%          3    None
b - Borgnjor's Vile Clut  Necr/Erth      #######...   1%          5    None
c - Magic Dart            Conj           ####         1%          1    None
d - Vampiric Draining     Necr           ######....   1%          3    None
e - Mephitic Cloud        Conj/Pois/Air  #####...     1%          3    None
f - Shroud of Golubria    Chrm/Tloc      #####.       1%          2    None
g - Ozocubu's Armour      Chrm/Ice       ######..     1%          3    None
h - Dispel Undead         Necr           ######..     1%          4    None
i - Shatter               Erth           #######...   54%         9    #######
z - Sublimation of Blood  Necr           ######....   1%          2    None

Your spell library contained the following spells:

 Spells                   Type           Power        Failure   Level  Hunger
 Animate Skeleton         Necr           N/A          1%          1    None
 Apportation              Tloc           ####..       1%          1    None
 Beastly Appendage        Tmut           ###...       1%          1    None
 Corona                   Hex            ###....      1%          1    None
 Freeze                   Ice            ####         1%          1    None
 Infusion                 Chrm           ####         1%          1    None
 Pain                     Necr           ####         1%          1    None
 Summon Small Mammal      Summ           ####         1%          1    None
 Call Imp                 Summ           ####....     1%          2    None
 Poisonous Vapours        Pois/Air       ####..       1%          2    None
 Slow                     Hex            ###.....     1%          2    None
 Song of Slaying          Chrm           ######..     1%          2    None
 Sticks to Snakes         Tmut           ###.....     1%          2    None
 Frozen Ramparts          Ice            ######       1%          3    None
 Spectral Weapon          Hex/Chrm       #####...     1%          3    None
 Static Discharge         Conj/Air       ######..     1%          3    None
 Animate Dead             Necr           N/A          1%          4    None
 Hailstorm                Conj/Ice       ######..     1%          4    None
 Petrify                  Tmut/Erth      ######..     1%          4    None
 Agony                    Necr           ######..     1%          5    None
 Excruciating Wounds      Chrm/Necr      ######....   1%          5    None
 Gell's Gravitas          Tloc           ####......   2%          3    None
 Lesser Beckoning         Tloc           ####......   2%          3    None
 Teleport Other           Tloc           ####....     2%          3    None
 Summon Ice Beast         Ice/Summ       #####...     2%          4    None
 Confusing Touch          Hex            ###.....     3%          3    None
 Spider Form              Tmut/Pois      ###.......   3%          3    None
 Lightning Bolt           Conj/Air       ######....   3%          5    None
 Statue Form              Tmut/Erth      ######...    4%          6    ####...
 Passage of Golubria      Tloc           N/A          9%          4    None
 Metabolic Englaciation   Hex/Ice        #####.....   9%          5    None
 Cause Fear               Hex            ###.......   12%         4    None
 Silence                  Hex/Air        ####......   12%         5    None
 Freezing Cloud           Conj/Ice/Air   ######....   17%         6    ####...
 Yara's Violent Unravell  Hex/Tmut       ###.......   30%         5    None
 Ring of Flames           Chrm/Fire      ######....   65%         7    #####..
 Haunt                    Necr/Summ      #####.....   73%         7    #####..
 Hydra Form               Tmut           ###.......   83%         6    ####...
 Borgnjor's Revivificati  Necr           ######....   86%         8    #######
 Infestation              Necr           ######....   86%         8    #######
 Death's Door             Chrm/Necr      ######....   96%         8    #######
 Discord                  Hex            ###.......   100%        8    #######
 Ignition                 Fire           #####.....   100%        8    #######
 Necromutation            Tmut/Necr      #####.....   100%        8    #######
 Tornado                  Air            #####.....   100%        9    #######
 Blink                    Tloc           Unusable     N/A         2    N/A

Dungeon Overview and Level Annotations

Branches:
Dungeon (15/15)            Temple (1/1) D:5            Lair (6/6) D:11
 Shoals (0/4) Lair:3        Snake (3/4) Lair:4        Slime (0/5) Lair:5
    Orc (2/2) D:9             Elf (0/3) Orc:2        Vaults (0/5) D:13
 Depths (0/5) D:15         Bailey (visited)

Altars:
Ashenzari
Cheibriados
Dithmenos
Elyvilon
Fedhas
Gozag
Hepliaklqana
Kikubaaqudgha
Makhleb
Nemelex Xobeh
Okawaru
Qazlal
Ru
Sif Muna
Trog
Uskayaw
Vehumet
Wu Jian
Xom
Yredelemnul
Zin
The Shining One
Beogh

Shops:
D:13 *   Orc:2 [:*[(

Annotations:
D:9 exclusion: spectral thing


Innate Abilities, Weirdness & Mutations

You cannot be hasted, slowed, berserked, paralysed or teleported.
You can dig through walls and to a lower floor.
Your four strong arms can wield two-handed weapons with a shield.
You have a pair of large antennae on your head. (SInv)
Your system is resistant to poisons. (rPois)
You occasionally shout uncontrollably at your foes.
You evolve.


Message History

You block the mana viper's attack.
You sock the black mamba!
The black mamba is almost dead.
The zombie hands constrict the black mamba.
You kill the black mamba!
Your Fighting skill increases to level 7!
You feel sick. You block the black mamba's attack. The black mamba bites you.
The black mamba barely misses you. You block the black mamba's attack.
The mana viper barely misses you. You block the mana viper's attack.
The mana viper bites you but does no damage.
You block the black mamba's attack. The black mamba bites you!
The black mamba bites you but does no damage.
The black mamba bites you!
You die...
Your body crumbles into a pile of gold.

#......#######...#......######.
#.......# ##...#.#|...#......
##..#...## #......#....#...###
#..#....####......####.....###
####.##......##...##.........#
#.........##...##.#######.#
#.............###. #..
#........SSS..#... #...#
#.#...###S@S....# #.... #######
#$SS...## #.... #......# ......
#.....N... .####.. #......... .
### #...#..$.# #..%#...##
#####...#


You could see a salamander, 3 mana vipers and 4 black mambas.

Vanquished Creatures
  Jorgrun (D:14)
  Gastronok (Lair:3)
  Frances (D:14)
  A nagaraja (Snake:3)
  A fire giant (D:15)
  Roxanne (Snake:2)
  The ghost of Elam the Cleaver, a journeyman DDNe of Okawaru (D:14)
  An orc warlord (Orc:2)
  2 angels (D:3)
  Azrael (D:14)
  The ghost of lysyklops the Blocker, a journeyman MiFi of Okawaru (Lair:4)
  2 green deaths (Snake:1)
  7 hydras
  A vault guard (D:13)
  8 naga warriors
  6 anacondas
  An ogre mage (D:15)
  10 two-headed ogres
  5 death yaks (Lair:6)
  6 centaur warriors
  5 orc high priests
  A death knight (D:15)
  Urug (Orc:1)
  A tengu warrior (D:10)
  3 shock serpents
  3 naga sharpshooters
  Sonja (D:10)
  A salamander mystic (Snake:2)
  An unseen horror (D:15)
  7 naga ritualists
  2 wizards
  A lindwurm (Lair:2)
  2 mana vipers (Snake:1)
  4 deep elf magi
  3 orc knights (Orc:2)
  4 necromancers
  3 cyclopes
  5 orc sorcerers
  8 ugly things
  An oklob plant (Lair:1)
  A manticore (D:13)
  2 centaur zombies
  A salamander (shapeshifter) (D:15)
  3 salamanders (Snake:2)
  3 elephants (Lair:5)
  6 naga magi
  The ghost of kthxbai the Archer, a novice CeHu of Okawaru (D:5)
  A merfolk siren (Lair:3)
  12 black mambas
  A torpor snail (Lair:4)
  A gargoyle (D:15)
  11 spiny frogs
  4 rime drakes
  An efreet (D:14)
  A yaktaur zombie (D:15)
  7 komodo dragons
  A yaktaur skeleton (D:14)
  9 trolls
  A catoblepas skeleton (D:14)
  The ghost of Thomus the Destroyer, a novice DECj (D:4)
  3 meliai (D:13)
  6 polar bears
  5 hornets (Lair:6)
  5 slime creatures (D:14)
  2 meliai zombies (D:15)
  13 blink frogs
  A hydra skeleton (D:12)
  14 hippogriffs
  2 dream sheep
  A centaur simulacrum (D:14)
  5 water elementals (D:14)
  3 shadows (D:15)
  A vampire (D:10)
  16 spriggans
  25 yaks
  3 wraiths
  3 fire elementals (D:14)
  5 basilisks
  4 wyverns
  19 humans (D:13)
  5 vampire mosquitoes
  3 hungry ghosts
  11 water moccasins
  3 wargs (Orc:1)
  18 nagas
  4 hell hounds (D:14)
  Duvessa (D:6)
  7 porcupines
  A human skeleton (D:13)
  3 ice beasts
  5 black bears
  An elf zombie (D:15)
  43 orc warriors
  3 necrophages
  2 sky beasts
  A hornet zombie (D:13)
  3 phantoms
  21 centaurs
  11 ogres
  40 wolves
  5 boggarts (Lair:6)
  3 elf skeletons
  A manticore skeleton (D:14)
  11 crocodiles
  4 big kobolds
  2 hippogriff skeletons (D:12)
  17 bullfrogs
  A gnoll sergeant (D:9)
  A komodo dragon zombie (D:13)
  A komodo dragon skeleton (D:14)
  A wyvern zombie (D:13)
  Dowan (D:6)
  A water moccasin zombie (D:8)
  A troll zombie (D:13)
  A cyclops skeleton (D:13)
  A scorpion (D:13)
  10 killer bees
  15 wights
  An electric eel (Lair:5)
  6 howler monkeys
  A bullfrog zombie (D:5)
  7 crimson imps
  A quasit (D:9)
  9 jellies
  3 bullfrog skeletons
  Crazy Yiuf (D:3)
  7 centaur skeletons
  12 hounds
  17 orc priests
  Jessica (D:2)
  Terence (D:2)
  A basilisk skeleton (D:12)
  4 iguanas
  17 orc wizards
  5 hell rats (Lair:4)
  9 worker ants
  2 acid dragon zombies
  A hound zombie (D:6)
  2 hound skeletons
  A howler monkey zombie (D:14)
  7 gnolls
  11 adders
  3 shadow imps
  2 oozes
  2 dart slugs
  A leopard gecko (D:8)
  104 orcs
  3 ball pythons
  8 bats
  3 giant cockroaches
  11 goblins
  7 hobgoblins
  7 jackals
  18 kobolds
  3 quokkas
  10 frilled lizards
  2 frilled lizard zombies
  A jackal skeleton (D:13)
  2 leopard gecko skeletons
  An orc skeleton (D:14)
  A quokka skeleton (D:14)
  A quokka zombie (D:7)
  6 rats
  A rat zombie (D:13)
  A fungus (Lair:3)
  4 plants
911 creatures vanquished.

Vanquished Creatures (others)
  Nessos (D:12)
  A hippogriff (D:14)
  An electric eel (D:14)
  A kobold (D:12)
  A quokka (D:2)
  3 fungi
  8 plants
16 creatures vanquished.

Grand Total: 927 creatures vanquished

Notes
Turn   | Place    | Note
-------+----------+-------------------------------------------
     0 | D:1      | DildoBatman the Formicid Wizard began the quest for the
                  | Orb.
     0 | D:1      | Reached XP level 1. HP: 13/13 MP: 4/4
    31 | D:1      | Reached skill level 1 in Conjurations
   130 | D:1      | Reached XP level 2. HP: 19/19 MP: 0/6
   759 | D:1      | Reached XP level 3. HP: 24/24 MP: 0/7
  1494 | D:2      | Found a white marble altar of Elyvilon.
  1505 | D:2      | Reached XP level 4. HP: 30/30 MP: 2/8
  1510 | D:2      | Learned a level 3 spell: Conjure Flame
  1514 | D:2      | Learned a level 3 spell: Mephitic Cloud
  2225 | D:2      | Reached XP level 5. HP: 15/35 MP: 1/9
  2506 | D:3      | Noticed Terence
  2520 | D:3      | Noticed a centaur
  2846 | D:3      | Killed a centaur
  2846 | D:3      | Reached XP level 6. HP: 25/41 MP: 4/10
  2874 | D:3      | Noticed an angel
  2885 | D:3      | Found a glowing silver altar of Zin.
  2886 | D:3      | Found a runed translucent door.
  2894 | D:3      | Noticed Jessica
  3095 | D:3      | Reached skill level 5 in Conjurations
  3305 | D:3      | Found a glowing silver altar of Zin.
  3306 | D:3      | Noticed an angel
  3416 | D:3      | Found a runed translucent door.
  3417 | D:3      | Noticed Crazy Yiuf
  3796 | D:4      | Found an ornate altar of the Wu Jian Council.
  3859 | D:5      | Entered Level 5 of the Dungeon
  3859 | D:5      | Noticed an ogre
  3879 | D:5      | Killed an ogre
  3879 | D:5      | Reached skill level 1 in Fire Magic
  3879 | D:5      | Reached skill level 1 in Air Magic
  4080 | D:5      | Reached XP level 7. HP: 46/46 MP: 7/11
  4107 | D:5      | Found a white marble altar of Elyvilon.
  4107 | D:5      | Found a sparkling altar of Nemelex Xobeh.
  4301 | D:5      | Found a sacrificial altar of Ru.
  4529 | D:5      | Found a runed translucent door.
  4539 | D:5      | Found a staircase to the Ecumenical Temple.
  4548 | Temple   | Entered the Ecumenical Temple
  4646 | Temple   | Became a worshipper of Kikubaaqudgha
  4987 | D:5      | Noticed kthxbai's ghost (novice CeHu)
  5032 | D:4      | Reached skill level 1 in Shields
  5206 | D:4      | Found a runed translucent door.
  5207 | D:4      | Noticed Thomus's ghost (novice DECj)
  5616 | D:3      | Killed Crazy Yiuf
  5713 | D:2      | Killed Terence
  5768 | D:2      | Killed Jessica
  5904 | D:5      | Reached XP level 8. HP: 42/52 MP: 6/12
  6311 | D:6      | Noticed Duvessa
  6313 | D:6      | Noticed Dowan
  6326 | D:6      | Killed Duvessa
  6457 | D:6      | Killed Dowan
  6644 | D:6      | Found an iron altar of Okawaru.
  6823 | D:6      | Reached skill level 5 in Fire Magic
  6900 | D:6      | Found a shimmering blue altar of Sif Muna.
  7011 | D:6      | Reached XP level 9. HP: 47/57 MP: 10/13
  7398 | D:7      | Reached skill level 5 in Air Magic
  7444 | D:7      | Reached skill level 1 in Fighting
  7444 | D:7      | Reached skill level 1 in Armour
  7544 | D:7      | Found a flagged portal.
  7573 | D:7      | Reached * piety under Kikubaaqudgha
  7573 | D:7      | Identified Kikubaaqudgha's Disquisition on Evil Magic
                  | (Kikubaaqudgha gifted it to you on level 7 of the Dungeon)
  7573 | D:7      | Received a gift from Kikubaaqudgha
  7719 | Bailey   | Entered a bailey
  8069 | Bailey   | Learned a level 2 spell: Sublimation of Blood
  8073 | Bailey   | Learned a level 3 spell: Vampiric Draining
  8198 | Bailey   | Reached skill level 1 in Necromancy
  8198 | Bailey   | Reached XP level 10. HP: 53/73 MP: 9/15
  8216 | Bailey   | Reached skill level 5 in Fighting
  8229 | Bailey   | Reached skill level 5 in Armour
  8317 | Bailey   | Reached ** piety under Kikubaaqudgha
  8584 | D:7      | Reached skill level 5 in Shields
 10300 | D:9      | Reached skill level 10 in Shields
 10412 | D:9      | Found a staircase to the Orcish Mines.
 10416 | D:9      | Reached skill level 5 in Spellcasting
 10416 | D:9      | Reached XP level 11. HP: 79/80 MP: 14/18
 10416 | D:9      | Reached *** piety under Kikubaaqudgha
 10416 | D:9      | Identified Kikubaaqudgha's Volume of Black Arts
                  | (Kikubaaqudgha gifted it to you on level 9 of the Dungeon)
 10416 | D:9      | Received a gift from Kikubaaqudgha
 10423 | D:9      | Learned a level 4 spell: Dispel Undead
 10699 | D:9      | Learned a level 5 spell: Borgnjor's Vile Clutch
 10812 | D:9      | Found a shimmering altar of Xom.
 10815 | D:9      | Found a hazy altar of Hepliaklqana.
 10816 | D:9      | Reached skill level 1 in Earth Magic
 10926 | D:10     | Entered Level 10 of the Dungeon
 11127 | D:10     | Noticed a tengu warrior
 11134 | D:10     | Killed a tengu warrior
 11172 | D:10     | Reached skill level 5 in Necromancy
 11180 | D:10     | Reached skill level 5 in Earth Magic
 11213 | D:10     | Noticed Sonja
 11232 | D:10     | Killed Sonja
 11303 | D:10     | Found a snail-covered altar of Cheibriados.
 11769 | Orc:1    | Entered Level 1 of the Orcish Mines
 11781 | Orc:1    | Noticed a two-headed ogre
 11794 | Orc:1    | Killed a two-headed ogre
 11859 | Orc:1    | Noticed an orc high priest
 11867 | Orc:1    | Killed an orc high priest
 11870 | Orc:1    | Reached XP level 12. HP: 36/86 MP: 6/21
 11874 | Orc:1    | Reached **** piety under Kikubaaqudgha
 12137 | Orc:1    | Found a roughly hewn altar of Beogh.
 12577 | Orc:1    | Noticed Urug
 12596 | Orc:1    | Killed Urug
 12673 | Orc:2    | Entered Level 2 of the Orcish Mines
 12752 | Orc:2    | Found a staircase to the Elven Halls.
 13027 | Orc:2    | Reached ***** piety under Kikubaaqudgha
 13413 | Orc:2    | Noticed an orc warlord
 13512 | Orc:2    | Killed an orc warlord
 13512 | Orc:2    | Reached skill level 10 in Earth Magic
 13550 | Orc:2    | Noticed an orc high priest
 13572 | Orc:2    | Killed an orc high priest
 13592 | Orc:2    | Noticed an orc high priest
 13594 | Orc:2    | Noticed a sun demon
 13601 | Orc:2    | Noticed a soul eater
 13640 | Orc:2    | Killed an orc high priest
 13819 | Orc:2    | Reached XP level 13. HP: 92/92 MP: 8/23
 14096 | Orc:2    | Found Dennua's General Store.
 14097 | Orc:2    | Found Ytoohir's Book Emporium.
 14098 | Orc:2    | Found Tainigi's Antique Armour Emporium.
 14098 | Orc:2    | Found Maip Edgh's Antique Weapon Shoppe.
 14112 | Orc:2    | Bought a scroll of fear for 42 gold pieces
 14190 | Orc:2    | Found Tunoumn's Armour Emporium.
 14198 | Orc:2    | Bought a +0 tower shield of fire resistance for 161 gold
                  | pieces
 14198 | Orc:2    | Bought a +1 pair of boots of flying for 231 gold pieces
 14453 | D:11     | Found a staircase to the Lair.
 14570 | D:11     | Reached skill level 15 in Shields
 15188 | D:12     | Noticed Nessos
 15196 | D:12     | Killed Nessos
 15521 | D:12     | Reached ****** piety under Kikubaaqudgha
 15523 | D:12     | Received a gift from Kikubaaqudgha
 15527 | D:12     | Fell from the grace of Kikubaaqudgha
 15675 | Temple   | Became a worshipper of Gozag Ym Sagoz the Greedy
 15698 | D:5      | Learned a level 3 spell: Ozocubu's Armour
 15745 | D:4      | Killed Thomus's ghost
 15821 | D:5      | Killed kthxbai's ghost
 16008 | D:12     | Identified the +11 quarterstaff "Viotoire" {vorpal, Str+4}
 16116 | D:12     | Reached skill level 1 in Charms
 16116 | D:12     | Reached skill level 1 in Ice Magic
 16449 | D:13     | Noticed a centaur warrior
 16455 | D:12     | Killed a centaur warrior
 16573 | D:13     | Found Xuhawu's General Store.
 16898 | D:13     | Reached XP level 14. HP: 70/98 MP: 22/25
 17495 | D:13     | Found a gate to the Vaults.
 17588 | D:14     | Noticed Azrael
 17604 | D:14     | Killed Azrael
 17614 | D:14     | Reached skill level 5 in Charms
 17620 | D:14     | Reached skill level 5 in Ice Magic
 17927 | D:14     | Noticed Frances
 17939 | D:14     | Killed Frances
 18091 | D:14     | Reached skill level 10 in Spellcasting
 18330 | D:14     | Noticed Jorgrun
 18351 | D:14     | Killed Jorgrun
 18351 | D:14     | Reached XP level 15. HP: 81/103 MP: 14/29
 18474 | D:14     | Found a runed translucent gate.
 18474 | D:14     | Found a runed translucent gate.
 18474 | D:14     | Noticed Elam's ghost (journeyman DDNe)
 18475 | D:14     | Found a runed translucent gate.
 18509 | D:14     | Killed Elam's ghost
 18572 | D:14     | Got a polished war axe
 18929 | D:15     | Entered Level 15 of the Dungeon
 18941 | D:15     | Noticed a fire giant
 18948 | D:15     | Killed a fire giant
 18956 | D:15     | Identified the +8 war axe of Etitonul {vorpal, rC+ Str+4}
                  | (You found it on level 14 of the Dungeon)
 18972 | D:15     | Was forgiven by Kikubaaqudgha
 19263 | D:15     | Found a staircase to the Depths.
 20440 | D:3      | Killed an angel
 20511 | D:3      | Killed an angel
 20661 | Lair:1   | Entered Level 1 of the Lair of Beasts
 21390 | Lair:2   | Reached XP level 16. HP: 111/111 MP: 28/34
 21399 | Lair:2   | Learned a level 2 spell: Shroud of Golubria
 21423 | Lair:2   | Found a dark tunnel.
 21650 | Lair:2   | Got a dazzling dagger
 21651 | Lair:2   | Identified the +8 dagger of the Median {pain, rPois Str+3}
                  | (You found it on level 2 of the Lair of Beasts)
 22190 | Lair:3   | Noticed Gastronok
 22200 | Lair:3   | Killed Gastronok
 22439 | Lair:3   | Found a staircase to the Shoals.
 22869 | Lair:4   | Found a staircase to the Snake Pit.
 23212 | Lair:4   | Noticed lysyklops's ghost (journeyman MiFi)
 23296 | Lair:4   | Found a runed translucent gate.
 23298 | Lair:4   | Found a runed translucent gate.
 23506 | Lair:4   | Found a runed translucent gate.
 23539 | Lair:4   | Killed lysyklops's ghost
 24147 | Lair:5   | Got a translucent battleaxe
 24154 | Lair:5   | Identified the +4 battleaxe of Cacvuq {flame, *Noise rF++
                  | Int+2} (You found it on level 5 of the Lair of Beasts)
 24393 | Lair:5   | Found a staircase to the Slime Pits.
 24522 | Lair:6   | Entered Level 6 of the Lair of Beasts
 24601 | Lair:6   | Reached skill level 15 in Earth Magic
 24944 | Lair:6   | Got a slimy rapier
 24947 | Lair:6   | Identified the +4 rapier "Deivorap" {protect, rPois} (You
                  | found it on level 6 of the Lair of Beasts)
 25047 | Lair:6   | Got an encrusted hunting sling
 25048 | Lair:6   | Identified the +9 hunting sling of Izunac {flame, MP+9
                  | Str+2 Int-5} (You found it on level 6 of the Lair of
                  | Beasts)
 25057 | Lair:6   | Gained mutation: You occasionally shout uncontrollably at
                  | your foes. [potion of mutation]
 25057 | Lair:6   | Gained mutation: Scrolls take you a little longer to read.
                  | [potion of mutation]
 25057 | Lair:6   | Gained mutation: Your system is resistant to poisons.
                  | (rPois) [potion of mutation]
 25057 | Lair:6   | Gained mutation: You evolve. [potion of mutation]
 25127 | Lair:6   | Reached XP level 17. HP: 87/116 MP: 9/35
 25679 | Orc:2    | Bought a book of the Tempests for 1120 gold pieces
 25882 | Snake:1  | Entered Level 1 of the Snake Pit
 25919 | Lair:4   | Lost mutation: Scrolls take you a little longer to read.
                  | [evolution]
 25923 | Lair:4   | Learned a level 9 spell: Shatter
 25950 | Snake:1  | Found a runed translucent door.
 27133 | Snake:2  | Identified Roxanne's Volume of Transmigration
 27133 | Snake:2  | Noticed Roxanne
 27186 | Snake:2  | Killed Roxanne
 27257 | Snake:2  | Reached skill level 5 in Dodging
 27262 | Snake:2  | You are sucked into a shaft and drop 1 floor!
 27424 | Snake:2  | Got an ichor-stained tower shield
 27435 | Snake:2  | Identified the -3 tower shield "Gopugod" {rElec Regen+}
                  | (You found it on level 2 of the Snake Pit)
 27684 | Snake:2  | HP: 1/120 [black mamba (15)]
 27684 | Snake:2  | Mangled by a black mamba

Illustrated notes

Levels and vault maps discovered:
D:1:      nagdon_arrival_zigzag_paths, layout_loops_ring,
          minmay_misc_feat_ornament
D:2:      layout_loops_cross, elyvilon_altar_4
D:3:      layout_basic, zin_angel, lemuel_angel_altar, uniq_jessica,
          uniq_terence, uniq_crazy_yiuf_cottage
D:4:      layout_basic, kennysheep_mini, gammafunk_ghost_grave,
          roderic_lattice_a
D:5:      layout_loops_ring, gammafunk_temple_overflow_elements,
          lemuel_coloured_pillars_altar, minmay_temple_entry_gardened_gates,
          first_ration, ebering_ghost_reflecting_pool
D:6:      layout_basic, old_standard_altar, okawaru_trees_1, uniq_duvessa
D:7:      layout_basic, enter_bailey_2
D:8:      layout_basic
D:9:      layout_cave_pools, regret_index_temple_of_mockery,
          kennysheep_orc_monster_closet_entryway
D:10:     layout_roguey, basic_altar, grunt_tengu_nest, uniq_sonja
D:11:     layout_irregular_city, lair_entry_dummy
D:12:     layout_irregular_city, chequers_serial_rivers_micro_c, uniq_nessos
D:13:     layout_loops_ring, grunt_vaults_entry_tiered, serial_shops,
          nicolae_shop_trees
D:14:     layout_long_grid, serial_bayou, serial_bayou_pond_c,
          serial_bayou_crossing, serial_bayou_shore_a, serial_bayou_pond_b,
          gammafunk_ghost_hydra_chop, uniq_azrael, uniq_frances, uniq_jorgrun
D:15:     grunt_enter_depths_magical_seal, layout_basic, nrook_campfire,
          minmay_microvault
Temple:   eino_temple_water
Lair:1:   layout_regular_city, minmay_lair_oklob_chamber, lemuel_fruit_tree
Lair:2:   layout_misc_corridors, nicolae_volcano_entry_vermiform,
          infiniplex_staircase_pool
Lair:3:   layout_regular_city, minmay_shoals_entry_lonely_mermaid,
          grunt_megastairs_4, uniq_gastronok
Lair:4:   layout_regular_city, dummy_snake_entry, gammafunk_ghost_split,
          wad_woods_02, grunt_megastairs_1
Lair:5:   layout_gridlike, dpeg_slime_entry_corner, infiniplex_staircase_pool_2,
          grunt_megastairs_2
Lair:6:   minmay_lair_end_enchanted_forest, layout_cave_shapes
Snake:1:  cheibrodos_toxic_ritual, layout_grid_maze
Snake:2:  layout_misc_corridors, drop_trap, uniq_roxanne
Snake:3:  layout_cave_town, serial_shops, nicolae_shop_trees,
          grunt_ministairs_10
Orc:1:    layout_diamond_mine, basic_altar, nicolae_orc_stony_grotto, uniq_urug
Orc:2:    st_orc_congregation, layout_caves, serial_shops, shop

Skill      XL: |  1  2  3  4  5  6  7  8  9 10 11 12 13 14 15 16 17 |
---------------+----------------------------------------------------+-----
Conjurations   | 1 2 3 4 5 6 |  6.0
Fire Magic     | 1 3 5 |  5.0
Air Magic      | 1 2 4 5 |  5.0
Shields        | 2 3 10 11 17 18 | 18.4
Fighting       | 4 5 7 |  7.0
Armour         | 4 5 6 |  6.9
Dodging        | 2 3 4 5 |  5.3
Necromancy     | 1 3 6 9 |  9.0
Spellcasting   | 5 6 7 10 14 | 14.0
Earth Magic    | 7 11 16 18 | 18.0
Charms         | 2 6 |  6.0
Ice Magic      | 2 6 |  6.0
Stealth        | |  2.4
Summonings     | |  1.0
Translocations | |  0.8

Action                   |  1- 3 |  4- 6 |  7- 9 | 10-12 | 13-15 | 16-18 || total
-------------------------+-------+-------+-------+-------+-------+-------++-------
Melee: Club              |     1 |       |       |       |       |       ||     1
       Dagger            |     5 |    18 |       |       |       |     3 ||    26
       Short sword       |       |       |    16 |    19 |    11 |       ||    46
       Mace              |       |       |     2 |       |       |       ||     2
       Long sword        |       |       |    49 |   289 |   110 |       ||   448
       Quarterstaff      |       |       |       |       |   470 |   377 ||   847
 Fire: Hunting sling     |       |    38 |   374 |    60 |       |     6 ||   478
       Longbow           |       |       |       |       |       |     6 ||     6
Throw: Dart              |       |     4 |    10 |    10 |       |       ||    24
 Cast: Magic Dart        |    69 |    84 |    54 |    32 |       |       ||   239
       Mephitic Cloud    |       |     3 |    30 |    27 |     9 |     4 ||    73
       Conjure Flame     |       |     4 |    37 |    31 |    42 |    12 ||   126
       Borgnjor's Vile C |       |       |       |    47 |   112 |   159 ||   318
       Sublimation of Bl |       |       |       |    10 |    22 |    33 ||    65
       Vampiric Draining |       |       |       |     2 |       |     3 ||     5
       Dispel Undead     |       |       |       |       |    31 |     5 ||    36
       Ozocubu's Armour  |       |       |       |       |     5 |    11 ||    16
Invok: Receive Necronomi |       |       |       |       |     1 |       ||     1
       Renounce Religion |       |       |       |       |     1 |       ||     1
 Abil: Dig               |       |     3 |    14 |    42 |    23 |     6 ||    88
  Use: Scroll            |       |     9 |     2 |     8 |     7 |    10 ||    36
       Potion            |       |       |       |       |       |     2 ||     2
 Stab: Confused          |       |       |     2 |     6 |     2 |       ||    10
       Sleeping          |       |       |       |     2 |     1 |       ||     3
       Distracted        |       |       |       |       |     3 |     4 ||     7
  Eat: Chunk             |     2 |     8 |    16 |    36 |     9 |       ||    71
       Ration            |       |       |     1 |       |    12 |     6 ||    19
Armor: Robe              |     3 |    11 |    14 |       |       |       ||    28
       Leather armour    |       |       |     9 |    31 |       |       ||    40
       Troll leather arm |       |       |       |    58 |   139 |    78 ||   275
Dodge: Dodged            |     5 |    42 |    94 |   228 |   204 |   117 ||   690
Block: Buckler           |       |       |    18 |   125 |    17 |       ||   160
       Tower shield      |       |       |       |       |   768 |   647 ||  1415
       Reflection        |       |       |       |       |    46 |    43 ||    89
       Rpst.: Long sword |       |       |     9 |    52 |    12 |       ||    73
